 Dungeon Crawl Stone Soup version 0.17.1-3-g152610e (webtiles) character file.

80 Stridmann the Insei (level 4, -8/32 HPs)
             Began as a Merfolk Transmuter on Apr 26, 2016.
             Shot with an arrow by a centaur (18 damage)
             ... on level 3 of the Dungeon.
             The game lasted 00:09:37 (1512 turns).

Stridmann the Insei (Merfolk Transmuter)            Turns: 1512, Time: 00:09:37

Health: -8/32      AC:  2    Str: 10    XL:     4   Next: 39%
Magic:  2/7        EV: 13    Int: 13    God:
Gold:   53         SH:  0    Dex: 14    Spells: 2 memorised, 3 levels left

rFire  . . .     SeeInvis .       - Unarmed
rCold  . . .     Clarity  .     b - +0 robe
rNeg   . . .     SustAt   .     (no shield)
rPois  .         Gourm    .     (no helmet)
rElec  .         Spirit   .     (no cloak)
rCorr  .         Warding  .     (no gloves)
rMut   .         Stasis   .     (no boots)
MR     .....                    (no amulet)
Stlth  +.........               (no ring)
                                (no ring)

@: very slightly contaminated, not resistant to hostile enchantments, very
unstealthy
A: change form in water, swift swim
a: no special abilities


You were on level 3 of the Dungeon.
You were hungry.

You visited 1 branch of the dungeon, and saw 3 of its levels.

You collected 53 gold pieces.

Inventory:

Missiles
 f - 29 arrows
 i - 37 stones (quivered)
Armour
 b - a +0 robe (worn)
Jewellery
 k - an uncursed amulet of the gourmand {unknown}
 o - a cursed ring of teleportation {unknown}
Scrolls
 a - a scroll of fear {unknown}
 g - a scroll of remove curse {unknown}
 m - a scroll of teleportation {unknown}
Potions
 e - a potion of heal wounds {unknown}
 h - a potion of magic {unknown}
 j - a potion of lignification {unknown}
 l - a potion of poison {unknown}
 q - a potion of curing {unknown}
Books
 c - a book of Changes

   Spells                             Type                      Level
   a - Beastly Appendage              Transmutation                1
   b - Sticks to Snakes               Transmutation                2
   c - Spider Form                    Transmutation/Poison         3
   d - Ice Form                       Ice/Transmutation            4
   e - Blade Hands                    Transmutation                5
Comestibles
 d - 4 bread rations
 n - 3 fruits
 p - a beef jerky
 r - 6 chunks of flesh


   Skills:
 + Level 1.2 Fighting
 + Level 3.7 Dodging
 + Level 0.2 Stealth
 * Level 4.2 Unarmed Combat
 + Level 2.2 Spellcasting
 * Level 3.6 Transmutations


You had 3 spell levels left.
You knew the following spells:

 Your Spells              Type           Power        Failure   Level  Hunger
a - Beastly Appendage     Trmt           ##....       8%          1    ##.....
b - Spider Form           Trmt/Pois      #.........   38%         3    ####...


Dungeon Overview and Level Annotations

Branches:
Dungeon (3/15)

Altars:
Dithmenos
Ru


Message History

* * * LOW HITPOINT WARNING * * *
You see here an arrow.
Casting: Spider Form
Confirm with . or Enter, or press ? or * to list all spells.
You miscast Spider Form.
You are very lightly contaminated with residual magic.
Wisps of poison gas drift from your hands.
You are feeling hungry.
The centaur shoots an arrow.
The arrow barely misses you.
Casting: Spider Form
Confirm with . or Enter, or press ? or * to list all spells.
You miscast Spider Form.
Nothing appears to happen.
The centaur shoots an arrow.
The arrow closely misses you.
The centaur shoots an arrow.
The arrow hits you but does no damage.
You see here an arrow.
The centaur shoots an arrow.
The arrow closely misses you.
The centaur shoots an arrow.
The arrow closely misses you.
The centaur shoots an arrow.
The arrow hits you!!
Ouch! That really hurt!
You die...

############## #
#.........c(.# .#
#..>.......#.###.
##
.###(..####.#..
... #(..# #.#.#
#.# ##@..# #c#.##
. ... #)..##
#..#.## ..
#####.##)###
#.###.##.##
..#...#.# #.##
##(....
#..#.#..### ##
#.#...#
#..#....[.# #..
.... #..###..#.#
#.## ...# #.
#.....#.#.# ##
#.## #.
#.###.#.#.# .#


You could see a centaur.

Vanquished Creatures
  2 adders (D:2)
  2 worms (D:2)
  3 orcs (D:3)
  4 goblins
  A hobgoblin (D:2)
  10 jackals
  7 bats
  4 giant cockroaches
  4 giant newts
  9 kobolds
  5 rats
51 creatures vanquished.

Notes
Turn   | Place    | Note
--------------------------------------------------------------
     0 | D:1      | Stridmann the Merfolk Transmuter began the quest for the Orb.
     0 | D:1      | Reached XP level 1. HP: 15/15 MP: 3/3
    98 | D:1      | Reached XP level 2. HP: 9/21 MP: 5/5
   690 | D:2      | Reached XP level 3. HP: 23/26 MP: 4/6
   695 | D:2      | Learned a level 3 spell: Spider Form
   779 | D:2      | Found a sacrificial altar of Ru.
   779 | D:2      | Found a shadowy altar of Dithmenos.
   931 | D:2      | Reached skill level 4 in Unarmed Combat
  1262 | D:2      | Reached XP level 4. HP: 18/32 MP: 2/7
  1495 | D:3      | Noticed a centaur
  1512 | D:3      | Shot with an arrow by a centaur

Action                   |  1- 3 |  4- 6 || total
-------------------------+-------+-------++-------
Melee: Unarmed           |   167 |    16 ||   183
 Cast: Beastly Appendage |    19 |       ||    19
       Spider Form       |     9 |     3 ||    12
  Eat: Chunk             |     3 |     1 ||     4
